 Dungeon Crawl Stone Soup version 0.27-a0-1202-ge72e49191c (webtiles) character file.

Game seed: 16238621858356325126

10532 lightspider the Fighter (level 11, -3/95 HPs)
             Began as a Green Draconian Summoner on June 3, 2021.
             Was a Believer of Sif Muna.
             Slain by a water elemental (11 damage)
             ... on level 1 of the Shoals.
             The game lasted 01:20:55 (21751 turns).

lightspider the Fighter (Green Draconian Summoner) Turns: 21751, Time: 01:20:56

Health: -3/95      AC: 10    Str: 14    XL:     11   Next: 37%
Magic:  4/22       EV: 18    Int: 16    God:    Sif Muna [**....]
Gold:   851        SH:  0    Dex: 11    Spells: 11/25 levels left

rFire    . . .     SeeInvis .   c - +10 morningstar of the Hierophant {vorpal, Will++ Stlth-}
rCold    . . .     Faith    +   (no shield)
rNeg     . . .     Spirit   .   (armour unavailable)
rPois    +         Reflect  .   j - +2 hat {Stlth+}
rElec    .         Harm     .   w - scarf {repulsion}
rCorr    .         Rampage  .   (no gloves)
Will     ++...                  m - +0 pair of boots
Stlth    +.........             s - amulet of faith
HPRegen  0.25/turn              o - +4 ring of evasion
MPRegen  0.18/turn              z - ring of wizardry

@: studying 2 skills, repel missiles, very slow
A: breathe noxious fumes, AC +7, unfitting armour, poison resistance,
cold-blooded
a: Breathe Noxious Fumes, Renounce Religion, Channel Magic


You were on level 1 of the Shoals.
You worshipped Sif Muna.
Sif Muna was pleased with you.
You visited 4 branches of the dungeon, and saw 13 of its levels.
You also visited: Ossuary.

You collected 906 gold pieces.
You spent 55 gold pieces at shops.

Inventory:

Hand Weapons
 a - a +0 dagger
 c - the +10 morningstar of the Hierophant (weapon) {vorpal, Will++ Stlth-}
   (You acquired it on level 6 of the Dungeon)

   It inflicts extra damage upon your enemies.
   It greatly increases your willpower.
   It makes you less stealthy.
 g - a +0 war axe of draining
 h - a +3 spear of venom
 O - a +0 dagger of venom
Missiles
 b - 210 arrows
 e - 76 bolts
 i - 3 atropa-tipped darts (quivered)
 A - 4 curare-tipped darts
 I - 2 silver boomerangs
Armour
 j - a +2 hat of stealth (worn)
 m - a +0 pair of boots (worn)
 v - a scarf of invisibility
 w - a scarf of repulsion (worn)
Magical Staves
 l - a staff of poison
Jewellery
 n - an amulet of guardian spirit
 o - a +4 ring of evasion (left hand)
 p - a ring of poison resistance
 q - a ring of protection from fire
 s - an amulet of faith (around neck)
 z - a ring of wizardry (right hand)
 K - an amulet of the acrobat
Wands
 u - a wand of polymorph (4)
 x - a wand of iceblast (2)
 y - a wand of acid (1)
 B - a wand of flame (38)
 C - a wand of paralysis (5)
Scrolls
 f - 2 scrolls of identify
 r - a scroll of fog
 E - a scroll of silence {unknown}
 H - a scroll of teleportation
 J - a scroll of immolation {unknown}
 M - a scroll of fear {unknown}
Potions
 d - 6 potions of flight
 k - a potion of lignification
 t - a potion of invisibility
 D - a potion of might
 G - a potion of haste
 N - 2 potions of magic
Miscellaneous
 F - a phial of floods (inert)


   Skills:
 + Level 8.4 Fighting
 + Level 6.7 Maces & Flails
 - Level 3.1 Polearms
 + Level 7.4 Dodging
 - Level 1.7 Stealth
 - Level 1.2 Unarmed Combat
 + Level 7.5 Spellcasting
 - Level 6.3 Summonings
 - Level 3.0 Translocations
 + Level 4.0 Ice Magic
 - Level 4.2 Air Magic
 - Level 3.0 Invocations
 + Level 3.1 Evocations


You had 11 spell levels left.
You knew the following spells:

 Your Spells              Type           Power      Damage    Failure   Level
a - Summon Small Mammal   Summ           100%       N/A       1%          1
b - Call Imp              Summ           26%        N/A       1%          2
c - Call Canine Familiar  Summ           26%        N/A       1%          3
d - Summon Lightning Spi  Summ/Air       22%        N/A       6%          4
e - Summon Ice Beast      Ice/Summ       22%        N/A       6%          4

Your spell library contained the following spells:

 Spells                   Type           Power      Damage    Failure   Level
 Summon Guardian Golem    Hex/Summ       16%        N/A       4%          3


Dungeon Overview and Level Annotations

Branches:
Dungeon (9/15)             Temple (1/1) D:6            Lair (2/6) D:9
 Shoals (1/4) Lair:2      Ossuary (visited)
  Snake: Lair:2-4    Spider: Lair:2-4       Orc: D:9-12

Altars:
Ashenzari
Cheibriados
Dithmenos
Elyvilon
Fedhas
Gozag
Hepliaklqana
Kikubaaqudgha
Makhleb
Nemelex Xobeh
Okawaru
Qazlal
Ru
Sif Muna
Trog
Uskayaw
Vehumet
Wu Jian
Xom
Yredelemnul
Zin
The Shining One

Shops:
D:2 *?=   D:4 !   D:9 [

Annotations:
D:5 2 runed translucent doors, robertstho's ghost, amateur NaVM
Lair:1 exclusion: oklob plant
Shoals:1 Nikola


Innate Abilities, Weirdness & Mutations

You can breathe blasts of noxious fumes.
Your lurid green scales are hard. (AC +7)
You cannot fit into any form of body armour.
Your system is resistant to poisons. (rPois)
You are cold-blooded and may be slowed by cold attacks.


Message History

Aim the phial where?
Press: ? - help, Shift-Dir - straight line, f - merfolk impaler
Aim: a merfolk impaler, wielding a +4 vampiric demon trident and wearing a +0 leather armour The torrent of water hits the merfolk impaler!
The merfolk impaler is lightly wounded.
The merfolk impaler is knocked back by the torrent of water.
The wave splashes down.
You hear a shout!
You hear an angry hiss.
You hear a bleat! x2
You hear a shout! x5
The faun shoots a stone.
The stone completely misses you.
Okay, then.
Okay, then.
Aiming: Paralyse
Press: ? - help, Shift-Dir - straight line, f/p - merfolk impaler
Aim: a merfolk impaler, wielding a +4 vampiric demon trident and wearing a +0 leather armour (lightly wounded, chance to affect: 37%)
The merfolk impaler suddenly stops moving!
A merfolk siren comes into view. It is wielding a +0 vorpal spear.
A merfolk impaler comes into view. It is wielding a +1 trident of venom.
The faun shoots a stone.
The stone completely misses you.
A water elemental comes into view.
Aiming: Paralyse
Press: ? - help, Shift-Dir - straight line, f - merfolk siren, p - merfolk impaler
Aim: a merfolk siren, wielding a +0 vorpal spear (chance to affect: 22%)
The merfolk siren suddenly stops moving!
A centaur comes into view.
You feel your willpower return.
The centaur shouts!
The water elemental misses you.
You hit the plant.
The plant begins to die.
The plant is lightly damaged.
The water elemental barely misses you. The water elemental misses you.
You enter the shallow water.
Moving in this stuff is going to be slow.
A nearby plant withers and dies.
The centaur completely misses you. x2
A merfolk comes into view. It is wielding a +0 trident.
The centaur misses you.
The centaur kicks you but does no damage.
The water elemental hits you!
You die...

..P≈≈≈≈ .PP≈P≈≈≈P
.P.P≈≈≈≈≈ ..P≈≈≈≈≈.
###.≈≈≈≈≈.. ≈≈≈≈ .≈≈.#
#...≈≈≈≈≈.. ≈≈≈. ...
###.<≈≈≈≈≈≈≈P ≈≈@# ..#
##..mc≈≈≈≈≈≈≈≈ ≈≈.# ##.#
#....P@≈≈...≈≈
...###..###..≈≈E≈≈≈..≈≈≈
≈..#....##..@m≈≈≈≈≈≈≈≈≈≈
≈...@....c.c≈≈≈≈≈≈≈≈m≈≈≈
≈..c.≈....≈≈≈≈≈≈≈≈≈≈≈..≈
.≈..)≈≈m..≈≈≈≈≈≈≈≈≈≈...≈
≈≈≈)≈≈c≈.≈≈≈≈≈≈≈≈≈≈≈≈≈≈≈
≈≈≈≈.≈≈≈≈≈≈≈≈≈≈≈≈≈≈≈≈≈≈≈
≈≈.##.≈≈≈≈≈≈≈≈≈≈≈≈≈≈≈≈≈


You could see Nikola, a merfolk impaler, a merfolk, 2 fauns, a water elemental,
a merfolk siren (paralysed) and a centaur.

Vanquished Creatures
  A boulder beetle (D:8)
  Sonja (Lair:1)
  A black mamba (Lair:2)
  A cane toad (Lair:1)
  4 komodo dragons
  A polar bear (Lair:1)
  Prince Ribbit (Lair:1)
  A blink frog (Lair:1)
  A vampire (D:9)
  A wyvern (D:8)
  4 yaks (D:9)
  A nameless horror (D:8)
  2 humans (D:7)
  Duvessa (D:6)
  A hornet zombie (D:8)
  2 orc warriors
  An ice beast (D:6)
  A sky beast (D:7)
  A black bear (D:7)
  3 ogres
  2 centaurs
  A lemure (D:8)
  A phantom (D:6)
  A kobold brigand (D:8)
  An elf zombie (Ossuary)
  2 bullfrogs
  2 gnoll sergeants (D:9)
  2 scorpions
  A water moccasin skeleton (D:7)
  A killer bee (D:9)
  4 wights (D:8)
  A howler monkey (D:9)
  A centaur zombie (D:8)
  A hound (D:5)
  A human zombie (Ossuary)
  4 orc priests
  A jelly (D:4)
  A centaur skeleton (D:6)
  4 iguanas
  4 orc wizards
  A killer bee zombie (D:5)
  2 mummies (Ossuary)
  A howler monkey zombie (D:9)
  5 gnolls
  3 adders
  A howler monkey skeleton (D:4)
  A white imp (D:7)
  An adder skeleton (D:4)
  4 dart slugs
  11 orcs
  6 ball pythons
  6 bats
  4 endoplasms
  2 giant cockroaches (D:1)
  2 gnoll zombies (Ossuary)
  3 goblins (D:3)
  5 hobgoblins
  9 jackals
  4 quokkas
  A frilled lizard (D:1)
  3 goblin zombies (Ossuary)
  7 kobolds
  3 orc zombies (Ossuary)
  3 rats
154 creatures vanquished.

Vanquished Creatures (collateral kills)
  A centaur warrior (D:8)
  A hydra (Lair:2)
  A two-headed ogre (D:9)
  Pikel (D:8)
  An ugly thing (D:8)
  A manticore (D:8)
  A faun (Shoals:1)
  2 cane toads (Lair:2)
  2 komodo dragons (Lair:1)
  A blink frog (Lair:1)
  2 redbacks (D:8)
  A yak (D:9)
  2 basilisks (Lair:1)
  Edmund (D:6)
  Menkaure (D:6)
  An acid dragon (D:8)
  A black bear (Lair:1)
  3 ogres (D:6)
  A centaur (D:9)
  3 lemures (D:8)
  A phantom (D:4)
  4 bullfrogs
  Dowan (D:6)
  A nameless horror (D:8)
  A wight (D:8)
  3 centaur zombies
  A hound (D:4)
  2 jellies (D:6)
  A gnoll shaman (D:4)
  An orc priest (D:9)
  An iguana (D:5)
  7 orc wizards
  An adder (D:3)
  5 gnolls
  An adder skeleton (D:4)
  A worm (D:2)
  A dart slug (D:2)
  10 orcs
  4 endoplasms
  A giant cockroach (D:3)
  A goblin (D:1)
  A hobgoblin (D:1)
  7 jackals
  A ball python (D:2)
  2 frilled lizards
  3 goblin zombies (Ossuary)
  A hobgoblin zombie (Ossuary)
  2 kobolds (D:2)
  2 rats (D:1)
96 creatures vanquished.

Vanquished Creatures (others)
  A merfolk siren (Shoals:1)
  3 fungi
  24 plants
28 creatures vanquished.

Grand Total: 278 creatures vanquished

Notes
Turn   | Place    | Note
-------+----------+-------------------------------------------
     0 | D:1      | lightspider the Draconian Summoner began the quest for the
                  | Orb.
     0 | D:1      | Reached XP level 1. HP: 14/14 MP: 3/3
     2 | D:1      | Noticed a felid
     2 | D:1      | Noticed a dwarf
     4 | D:1      | Noticed a demigod
     6 | D:1      | Noticed a demonspawn
     6 | D:1      | Noticed a ghoul
     8 | D:1      | Noticed a centaur
     8 | D:1      | Noticed a troll
    10 | D:1      | Noticed an elf
    10 | D:1      | Noticed a merfolk
    12 | D:1      | Noticed a barachi
    12 | D:1      | Noticed a formicid
    14 | D:1      | Noticed a palentonga
    16 | D:1      | Noticed an octopode
    16 | D:1      | Noticed a vampire
    18 | D:1      | Noticed a naga
    18 | D:1      | Noticed a minotaur
    20 | D:1      | Noticed an ogre
    20 | D:1      | Noticed a human
    22 | D:1      | Noticed a spriggan
    24 | D:1      | Noticed a tengu
    24 | D:1      | Noticed a draconian
    26 | D:1      | Noticed a gargoyle
    26 | D:1      | Noticed a vine stalker
  5000 | D:1      | Glimpsed the power of Zot.
  5310 | D:1      | Reached XP level 2. HP: 21/22 MP: 0/5
  6072 | D:2      | Found Pexul's General Store.
  6080 | D:2      | Found an ancient bone altar of Kikubaaqudgha.
  6089 | D:2      | Bought a potion of heal wounds for 55 gold pieces
  6200 | D:2      | Reached skill level 1 in Fighting
  6300 | D:2      | Found Syasmur's Magic Scroll Boutique.
  6441 | D:2      | Learned a level 2 spell: Call Imp
  6445 | D:2      | Found Nymug's Jewellery Emporium.
  6654 | D:2      | Reached XP level 3. HP: 28/28 MP: 1/6
  6706 | D:2      | Reached skill level 1 in Unarmed Combat
  6776 | D:2      | Found a faded altar of an unknown god.
  7696 | D:3      | Reached XP level 4. HP: 35/35 MP: 0/7
  7823 | D:3      | Reached skill level 1 in Polearms
  8196 | D:4      | Noticed a phantom
  8216 | D:4      | Killed a phantom
  8217 | D:4      | Reached skill level 2 in Fighting
  8217 | D:4      | Reached XP level 5. HP: 21/41 MP: 3/9
  8602 | D:4      | Learned a level 3 spell: Call Canine Familiar
  8706 | D:4      | Found Zutek's Distillery.
  9350 | D:4      | Reached XP level 6. HP: 44/50 MP: 10/10
  9595 | D:5      | Entered Level 5 of the Dungeon
  9870 | D:5      | Found a large runed translucent door.
  9870 | D:5      | Found a large runed translucent door.
  9870 | D:5      | Noticed robertstho's ghost (amateur NaVM)
 10067 | D:5      | Reached skill level 5 in Summonings
 10316 | D:5      | Reached skill level 3 in Fighting
 10482 | D:5      | Your scales start taking on a lurid green colour.
 10482 | D:5      | Reached XP level 7. HP: 57/57 MP: 3/12
 10482 | D:5      | Gained mutation: Your system is resistant to poisons.
                  | (rPois) [Green Draconian growth]
 10833 | D:6      | Noticed Dowan
 10834 | D:6      | Noticed Duvessa
 10850 | D:6      | Killed Duvessa
 10852 | D:6      | Killed Dowan
 10911 | D:6      | Identified a scroll of acquirement
 10911 | D:6      | Acquired the +10 morningstar of the Hierophant {vorpal,
                  | Will++ Stlth-}
 11044 | D:6      | Found a sand-covered staircase.
 11051 | Ossuary  | Entered an ossuary
 11301 | D:6      | Reached skill level 4 in Fighting
 11301 | D:6      | Reached skill level 1 in Maces & Flails
 11376 | D:6      | Found a staircase to the Ecumenical Temple.
 11378 | D:6      | Reached XP level 8. HP: 62/66 MP: 9/14
 11406 | Temple   | Entered the Ecumenical Temple
 11493 | Temple   | Became a worshipper of Sif Muna the Loreminder
 11538 | D:6      | Noticed Edmund
 11553 | D:6      | Killed Edmund
 11963 | D:6      | Noticed Menkaure
 11975 | D:6      | Killed Menkaure
 12220 | D:6      | Reached skill level 5 in Fighting
 12643 | D:7      | Reached * piety under Sif Muna
 12645 | D:7      | Identified the +1 robe of Erug {+Blink rPois Str+2}
 12654 | D:7      | Reached skill level 5 in Spellcasting
 12654 | D:7      | Reached skill level 1 in Air Magic
 12813 | D:7      | Found a bloodstained altar of Trog.
 12822 | D:7      | Reached skill level 5 in Dodging
 12826 | D:7      | Found a broken altar of Ashenzari.
 12842 | D:7      | Learned a level 4 spell: Summon Lightning Spire
 12921 | D:7      | Found an iron altar of Okawaru.
 12931 | D:7      | Reached XP level 9. HP: 60/74 MP: 6/16
 13119 | D:7      | Learned a level 4 spell: Summon Ice Beast
 13229 | D:8      | Noticed a brown ugly thing
 13237 | D:8      | Noticed a komodo dragon
 13546 | D:8      | Noticed Pikel
 13696 | D:8      | Noticed a manticore
 13708 | D:8      | Killed a manticore
 13709 | D:8      | Reached skill level 6 in Fighting
 13994 | D:8      | Noticed a centaur warrior
 14004 | D:8      | Killed a centaur warrior
 14008 | D:8      | Killed a komodo dragon
 14009 | D:8      | Reached skill level 5 in Maces & Flails
 14245 | D:8      | Identified the +4 ring mail of the Earth {rElec rF- rCorr}
 14339 | D:8      | Noticed a nameless horror
 14347 | D:8      | Killed a nameless horror
 14359 | D:8      | Reached ** piety under Sif Muna
 14381 | D:8      | HP: 4/105 [bullfrog (5)]
 14383 | D:8      | Reached XP level 10. HP: 4/77 MP: 2/19
 14391 | D:8      | Reached skill level 1 in Translocations
 14734 | D:8      | Killed Pikel
 14941 | D:8      | Killed a brown ugly thing
 14942 | D:8      | Reached skill level 7 in Fighting
 15108 | D:8      | Found a runed translucent door.
 15542 | D:8      | Noticed a boulder beetle
 15833 | D:8      | Killed a boulder beetle
 15834 | D:8      | Reached skill level 1 in Ice Magic
 16249 | D:9      | Found a staircase to the Lair.
 17076 | D:9      | Reached skill level 1 in Invocations
 17397 | D:9      | Noticed a two-headed ogre
 17413 | D:9      | Killed a two-headed ogre
 17888 | D:9      | Found a white marble altar of Elyvilon.
 18555 | D:9      | Found Untiaz's Armour Shop.
 18636 | Lair:1   | Entered Level 1 of the Lair of Beasts
 18732 | Lair:1   | Noticed an oklob plant
 18938 | Lair:1   | Noticed Prince Ribbit
 18948 | Lair:1   | Killed Prince Ribbit
 18949 | Lair:1   | Reached skill level 8 in Fighting
 18951 | Lair:1   | Reached XP level 11. HP: 75/94 MP: 3/21
 18955 | Lair:1   | Reached *** piety under Sif Muna
 19247 | Lair:1   | Reached skill level 1 in Evocations
 19583 | Lair:1   | Noticed Sonja
 19826 | Lair:1   | Killed Sonja
 20233 | Lair:2   | Noticed a five-headed hydra
 20244 | Lair:2   | Killed a five-headed hydra
 20667 | Lair:2   | Found a staircase to the Shoals.
 21710 | Shoals:1 | Entered Level 1 of the Shoals
 21735 | Shoals:1 | Noticed Nikola
 21736 | Shoals:1 | Noticed a merfolk impaler
 21742 | Shoals:1 | Noticed a merfolk impaler
 21751 | Shoals:1 | Slain by a water elemental

Illustrated notes

Levels and vault maps discovered:
D:1:      kb_arrival_jail, layout_basic, minmay_distorted
D:2:      layout_rooms, serial_shops, shop, nicolae_shop_crystal,
          nicolae_shop_waterfront, basic_altar,
          shapermc_ecumenical_altar_mp_ritualfount, nrook_mini_vaults,
          kennysheep_generic_room_12
D:3:      layout_basic, kennysheep_generic_room_6
D:4:      layout_basic, serial_shops, shop
D:5:      layout_gridville, ebering_ghost_disaster_area, portal_sewer_entry_d
D:6:      layout_cave_pools, minmay_temple_entry_purple_smoke,
          nicolae_ossuary_entry_ruins, uniq_menkaure, uniq_edmund, uniq_duvessa
D:7:      layout_gridville, chequers_temple_overflow_statue_of_worship,
          okawaru_humans
D:8:      gammafunk_indiana_jones, layout_loops_ring, minmay_manual_mail,
          uniq_pikel
D:9:      layout_long_grid, lemuel_doored_altar, david_lair_shrubbed,
          serial_shops, kennysheep_mini, serial_co_window_serial,
          co_window_corner_a, co_window_paths_a, co_window_cross_1,
          co_window_corner_a, co_window_of_opportunity_a, co_window_cross_1,
          co_window_corner_b, co_window_unsneaky_path_a, co_window_paths_c,
          co_window_broadway_c, co_window_paths_c, glass_columns_a,
          glass_columns_c, glass_columns_a, hangedman_decor_points, st_stairs_2
Temple:   compressed_dpeg_circular_temple
Lair:1:   layout_roguey, minmay_lair_oklob_bushes, beast_lair_carwin_3,
          uniq_sonja, uniq_prince_ribbit2
Lair:2:   layout_concentric_octagons, elwin_shoals_entry_rocks,
          gauntlet_entry_generic
Shoals:1: layout_shoals, lemuel_oklob_altar, uniq_nikola

Skill      XL: |  1  2  3  4  5  6  7  8  9 10 11 |
---------------+----------------------------------+-----
Dodging        | 2 3 4 5 6 7 |  7.4
Fighting       | 1 2 3 4 5 6 8 |  8.4
Unarmed Combat | 1 |  1.2
Polearms       | 1 2 3 |  3.1
Spellcasting   | 3 4 5 6 7 |  7.5
Summonings     | 5 6 |  6.3
Maces & Flails | 1 3 5 6 |  6.7
Air Magic      | 1 3 4 |  4.2
Translocations | 3 |  3.0
Ice Magic      | 3 4 |  4.0
Invocations    | 3 |  3.0
Evocations     | 3 |  3.1
Stealth        | |  1.7

Action                   |  1- 3 |  4- 6 |  7- 9 | 10-12 || total
-------------------------+-------+-------+-------+-------++-------
Melee: Dagger            |    62 |       |       |       ||    62
       Tailslap          |    12 |     4 |     7 |    12 ||    35
       Spear             |    60 |   118 |    27 |       ||   205
       War axe           |     1 |       |       |       ||     1
       Morningstar       |       |       |   165 |   122 ||   287
Throw: Boomerang         |       |       |     5 |       ||     5
       Dart              |       |       |       |     3 ||     3
 Cast: Summon Small Mamm |    43 |     3 |       |       ||    46
       Call Imp          |    26 |    21 |    50 |       ||    97
       Call Canine Famil |       |    11 |    25 |       ||    36
       Summon Lightning  |       |       |     5 |     7 ||    12
       Summon Ice Beast  |       |       |    14 |   110 ||   124
Invok: Channel Magic     |       |       |       |     1 ||     1
 Abil: Breathe Noxious F |       |       |     2 |       ||     2
Evoke: Wand              |       |       |     6 |     3 ||     9
       Phial of floods   |       |       |       |     1 ||     1
  Use: Scroll            |     3 |       |     7 |     9 ||    19
       Potion            |       |       |     4 |     1 ||     5
 Stab: Distracted        |     1 |       |     2 |       ||     3
       Sleeping          |     6 |     4 |     1 |       ||    11
Armor: Skin              |    36 |    21 |    50 |    38 ||   145
Dodge: Dodged            |    98 |    54 |   222 |   164 ||   538
       Repelled          |       |       |     2 |     4 ||     6

Table legend: (Time is in decaauts)
 A = Elapsed time spent in this place.
 B = Non-inter-level travel time spent in this place.
 C = Inter-level travel time spent in this place.
 D = Time resting spent in this place.
 E = Time spent auto-exploring this place.
 F = Levels seen in this place.
 G = Mean time per level.
                   A        B        C        D        E       F      G
               +--------+--------+--------+--------+--------+-----+--------+
         Total |  21886 |  21447 |    439 |  10121 |   8076 |  14 | 1563.3 |
       Dungeon |  18386 |  18084 |    302 |   9291 |   6353 |   9 | 2042.9 |
        Temple |    125 |    125 |      0 |      0 |      0 |   1 |  125.0 |
          Lair |   3086 |   2949 |    137 |    752 |   1646 |   2 | 1543.0 |
        Shoals |     43 |     43 |      0 |      0 |      0 |   1 |   43.0 |
       Ossuary |    243 |    243 |      0 |     78 |     77 |   1 |  243.0 |
               +--------+--------+--------+--------+--------+-----+--------+

Top non-repeatable levels by time:
     D:1: 6065 daAuts
     D:9: 2428 daAuts
     D:8: 2296 daAuts
     D:4: 1700 daAuts
  Lair:2: 1656 daAuts
  Lair:1: 1429 daAuts
     D:7: 1420 daAuts
     D:6: 1412 daAuts
     D:3: 1192 daAuts
     D:5: 1004 daAuts
     D:2: 866 daAuts
 Ossuary: 243 daAuts
  Temple: 125 daAuts
Shoals:1: 43 daAuts
